 Dungeon Crawl Stone Soup version 0.31-a0-38-g1548c4f2a5 (webtiles) character file.

Game seed: 6101657350455976781

475 CowFu the Poker (level 6, -2/44 HPs)
             Began as a Demonspawn Gladiator on May 16, 2023.
             Was an Initiate of Yredelemnul.
             Splashed by a jelly's acid (10 damage)
             ... on level 5 of the Dungeon.
             The game lasted 00:05:35 (3284 turns).

CowFu the Poker (Demonspawn Gladiator)              Turns: 3284, Time: 00:05:35

Health: -2/44      AC: 12    Str: 20    XL:     6   Next: 84%
Magic:  15/15      EV:  8    Int: 10    God:    Yredelemnul [......]
Gold:   3          SH:  0    Dex: 14    Spells: 5/5 levels left

rFire   + . .        a - +0 trident
rCold   . . .        (no shield)
rNeg    . . .        z - +2 chain mail {rF+}
rPois   .            c - +0 helmet
rElec   .            (no cloak)
rCorr   .            (no gloves)
SInv    .            (no boots)
Will    .....        (no amulet) Stlth
                     l - ring of Lucidity {MP+9 Str+4}
HPRegen 0.27/turn    (no ring)
MPRegen 0.14/turn

%: no passive effects
@: no status effects
A: hooves 2, ignite blood 1, sharp scales 1
a: Renounce Religion, Recall Undead Harvest


You were on level 5 of the Dungeon.
You worshipped Yredelemnul.
Yredelemnul was noncommittal.
You visited 1 branch of the dungeon, and saw 5 of its levels.

You collected 168 gold pieces.
You spent 165 gold pieces at shops.

Inventory:

Hand Weapons
 a - a +0 trident (weapon)
Missiles
 d - 4 throwing nets (quivered)
 e - 2 javelins
Armour
 c - a +0 helmet (worn)
 z - a +2 chain mail of fire resistance (worn)
Magical Staves
 y - the staff of poison "Tioch" {*Slow rPois Int+6}
   (You found it on level 4 of the Dungeon)

   [staff of poison]

   Base accuracy: +5 Base damage: 5 Base attack delay: 1.2 This weapon's minimum
   attack delay (0.6) is reached at skill level 12.
   Int:       It affects your intelligence (+6).
   rPois:     It protects you from poison.
   *Slow:     It may slow you when you take damage.
   It falls into the 'Staves' category.
   It is a one-handed weapon.
Jewellery
 l - the ring of Lucidity (left hand) {MP+9 Str+4}
   (You found it on level 2 of the Dungeon)

   [ring of magical power]

   Str:       It affects your strength (+4).
   MP:        It affects your magic capacity (+9).
 C - a ring of see invisible
Scrolls
 b - 4 scrolls of teleportation
 h - 6 scrolls of identify {unknown}
 i - a scroll of poison {unknown}
 j - 4 scrolls of amnesia {unknown}
 k - 2 scrolls of enchant weapon {unknown}
 n - a scroll of torment {unknown}
 q - 3 scrolls of enchant armour {unknown}
 t - a scroll of fog {unknown}
 v - a scroll of acquirement {unknown}
 w - 2 scrolls of blinking {unknown}
 x - a scroll of magic mapping {unknown}
 B - a scroll of vulnerability {unknown}
Potions
 f - a potion of cancellation
 g - a potion of might {unknown}
 m - 2 potions of curing
 o - a potion of attraction {unknown}
 p - 3 potions of heal wounds {unknown}
 r - a potion of invisibility {unknown}
 s - 2 potions of resistance {unknown}
 u - a potion of lignification {unknown}
 A - a potion of berserk rage {unknown}
 D - a potion of mutation {unknown}


   Skills:
 - Level 2.0 Fighting
 + Level 7.1 Polearms
 - Level 1.7 Throwing
 - Level 2.6 Dodging


You had 5 spell levels left.
You didn't know any spells.
Your spell library contained the following spells:

 Spells                   Type           Power      Damage    Failure   Level
 Kiss of Death            Conj/Necr      0%         2d5       98%         1
 Slow                     Hex            0%         N/A       98%         1
 Confusing Touch          Hex            0%         N/A       100%        3
 Vampiric Draining        Necr           0%         2d6       100%        3


Dungeon Overview and Level Annotations

Branches:
Dungeon (5/15)             Temple (0/1) D:4

Altars:
Sif Muna
Trog
Yredelemnul

Shops:
D:4 [(

Annotations:
D:5 Dowan, Duvessa


Innate Abilities, Weirdness & Mutations

You have hoof-like feet.
Your demonic aura sometimes causes spilled blood to erupt in flames.
You are partially covered in razor-sharp scales. (AC +1, Slay +1)


Message History

Duvessa is lightly wounded.
Duvessa hits your orc wizard zombie with a +0 rapier.
You hit Duvessa but do no damage. You kick Duvessa, but do no damage.
Duvessa is lightly wounded.
Duvessa hits you with a +0 rapier.
* * * LOW HITPOINT WARNING * * *
Your orc wizard zombie closely misses Duvessa.
The shadow imp closely misses you.
You hit Duvessa but do no damage. You kick Duvessa.
Duvessa is lightly wounded.
Duvessa closely misses you. The shadow imp gestures at you.
You barely resist.
Your orc wizard zombie hits Duvessa but does no damage.
Duvessa hits your orc wizard zombie with a +0 rapier!
You hit Duvessa. Your kick misses Duvessa.
Duvessa is moderately wounded.
Duvessa barely misses you.
The shadow imp hits you but does no damage.
Your orc wizard zombie hits Duvessa but does no damage.
As you read the scroll labelled IFOFACS HAEB, it crumbles to dust.
You feel strangely unstable.
It was a scroll of teleportation.
Duvessa zaps a wand.
The puff of flame hits you. You resist.
* * * LOW HITPOINT WARNING * * *
The shadow imp closely misses you. Duvessa closely misses you.
Your orc wizard zombie hits Duvessa but does no damage.
An orc comes into view.
It is wielding a +0 whip and carrying a wand of charming (7).
The orc shouts!
You hear a shout!
Duvessa hits your orc wizard zombie with a +0 rapier!
Your orc wizard zombie is destroyed!
An orc comes into view. It is wielding a +0 short sword.
The shadow imp hits you but does no damage.
An orc wizard comes into view. It is wielding a +0 dagger.
Your surroundings suddenly seem different.
The jelly quivers.
The jelly hits you.
* * * LOW HITPOINT WARNING * * *
You are splashed with acid!
You die...
Your body rises from the dead as a mindless zombie.

.......oo....#
..####.e.#......
#+####.######...
..........#..#...
..........#..# ##
>............+
............##### #
............wowe# .+
..........#@.#e###.#
..........#J.#..5..#
.......######.....####
..?... #...........#
.##.........#####...oo
#.. ...... .... .##...
.o. #... .. ... .


You could see Dowan, a worm, a jelly, a dart slug and an orc.

Vanquished Creatures
  A black bear (D:4)
  A howler monkey (D:5)
  A hound (D:5)
  2 jellies (D:5)
  An orc priest (D:3)
  Jessica (D:3)
  2 orc wizards
  2 adders (D:3)
  4 gnolls
  A worm (D:5)
  A dart slug (D:4)
  5 orcs
  9 ball pythons
  5 endoplasms
  3 giant cockroaches
  3 goblins
  6 hobgoblins
  4 jackals (D:2)
  5 kobolds
  3 quokkas
  3 training dummies (D:4)
  A ball python zombie (D:4)
  4 bats
  4 frilled lizards
  An orc zombie (D:3)
  4 rats
77 creatures vanquished.

Vanquished Creatures (collateral kills)
  An adder (D:3)
  A ball python (D:3)
  A frilled lizard (D:3)
3 creatures vanquished.

Vanquished Creatures (others)
  2 hound zombies
  A howler monkey zombie (D:5)
  A jelly zombie (D:5)
  3 orc zombies
  A bat zombie (D:3)
  A frilled lizard zombie (D:3)
  A hobgoblin zombie (D:3)
10 creatures vanquished.

Grand Total: 90 creatures vanquished

Notes
Turn   | Place    | Note
-------+----------+-------------------------------------------
     0 | D:1      | CowFu the Demonspawn Gladiator began the quest for the Orb.
     0 | D:1      | Reached XP level 1. HP: 16/16 MP: 1/1
   164 | D:1      | Reached skill level 3 in Polearms
   324 | D:1      | Gained mutation: You have large cloven feet. [demonic
                  | ancestry]
   324 | D:1      | Reached XP level 2. HP: 21/22 MP: 2/2
   700 | D:2      | Identified the ring of Lucidity {MP+9 Str+4}
   948 | D:2      | Gained mutation: You have hoof-like feet. [demonic
                  | ancestry]
   948 | D:2      | Reached XP level 3. HP: 24/27 MP: 3/3
  1270 | D:3      | Found a faded altar of an unknown god.
  1276 | D:3      | Prayed at the altar of an unknown god.
  1276 | D:3      | Became a worshipper of Yredelemnul the Dark
  1276 | D:3      | Reached * piety under Yredelemnul
  1405 | D:3      | Reached skill level 4 in Polearms
  1431 | D:3      | Reached ** piety under Yredelemnul
  1440 | D:3      | Gained mutation: Your demonic aura sometimes causes spilled
                  | blood to erupt in flames. [demonic ancestry]
  1440 | D:3      | Reached XP level 4. HP: 23/33 MP: 4/4
  1454 | D:3      | Reached skill level 5 in Polearms
  1850 | D:3      | Noticed Jessica
  1851 | D:3      | Found a shimmering blue altar of Sif Muna.
  1857 | D:3      | Killed Jessica
  1858 | D:3      | Gained mutation: You are partially covered in razor-sharp
                  | scales. (AC +1, Slay +1) [demonic ancestry]
  1858 | D:3      | Reached XP level 5. HP: 35/38 MP: 5/5
  1863 | D:3      | Got Sif Muna's Vademecum on Sciomancy
  1873 | D:3      | Found a bloodstained altar of Trog.
  2383 | D:4      | Identified the staff of poison "Tioch" {*Slow rPois Int+6}
  2433 | D:4      | Found a staircase to the Ecumenical Temple.
  2446 | D:4      | Found Jeeniyss's Antique Armour Shoppe.
  2489 | D:4      | Bought a glowing chain mail for 165 gold pieces
  2535 | D:4      | Noticed a black bear
  2542 | D:4      | Killed a black bear
  2543 | D:4      | Reached skill level 6 in Polearms
  2543 | D:4      | Reached XP level 6. HP: 31/44 MP: 6/6
  2628 | D:4      | Found Fetaru's Firing Range.
  3186 | D:5      | Entered Level 5 of the Dungeon
  3209 | D:5      | Noticed Duvessa
  3211 | D:5      | Noticed Dowan
  3269 | D:5      | Reached skill level 7 in Polearms
  3284 | D:5      | Splashed by a jelly's acid

Illustrated notes

Levels and vault maps discovered:
D:1:      erik_arrival_blinker_ship, layout_loops_cross, chequers_mini_garden
D:2:      layout_loops_ring
D:3:      minmay_angry_zag, layout_loops_ring,
          mainiacjoe_overflow_six_doors_small,
          nzn_overflow_gifts_of_might_and_magic, nicolae_ecumenical_pavilion,
          kennysheep_generic_room_2
D:4:      layout_basic, temple_green, serial_shops, nicolae_shop_trees,
          nicolae_shop_firing_range
D:5:      layout_gridville, mainiacjoe_overflow_alcove_2, hangedman_ru_absence,
          uniq_duvessa

Skill      XL: |  1  2  3  4  5  6 |
---------------+-------------------+-----
Polearms       | 3 4 5 6 7 |  7.1
Fighting       | |  2.0
Throwing       | |  1.7
Dodging        | |  2.6

Action                     |  1- 3 |  4- 6 || total
---------------------------+-------+-------++-------
  Melee: Trident           |   107 |   133 ||   240
         Kick              |    11 |    18 ||    29
 Invoke: Recall Undead Har |       |     1 ||     1
    Use: Potion            |       |     3 ||     3
         Scroll            |       |     1 ||     1
   Stab: Sleeping          |     2 |       ||     2
         Distracted        |       |     1 ||     1
 Armour: Leather armour    |    19 |     4 ||    23
         Chain mail        |       |    52 ||    52
  Dodge: Dodged            |    57 |    53 ||   110

Table legend: (Time is in decaauts)
 A = Elapsed time spent in this place.
 B = Non-inter-level travel time spent in this place.
 C = Inter-level travel time spent in this place.
 D = Time resting spent in this place.
 E = Time spent auto-exploring this place.
 F = Levels seen in this place.
 G = Mean time per level.
                   A        B        C        D        E       F      G
               +--------+--------+--------+--------+--------+-----+--------+
         Total |   3296 |   3201 |     95 |      0 |   2656 |   5 |  659.2 |
       Dungeon |   3296 |   3201 |     95 |      0 |   2656 |   5 |  659.2 |
               +--------+--------+--------+--------+--------+-----+--------+

Top non-repeatable levels by time:
     D:4: 1020 daAuts
     D:3: 899 daAuts
     D:1: 687 daAuts
     D:2: 593 daAuts
     D:5: 96 daAuts
